Map: Overgrowth LE (Void)

Players

Fallenger - Winner!

  • Race: Zerg Zerg
  • League: Master
  • Spawn Location: 7:00

YamatoSC

  • Race: Zerg Zerg
  • League: Diamond
  • Spawn Location: 1:00

VOD

Have the link to the VOD?

Description

Time

  • Played on: Jan. 22, 2017, 12:53 p.m.
  • Length: 8:25
Show
View Real Time Build Order
Export as new Build Order

Fallenger Zerg - Winner!

Build Orders: Hatch First 

Get SALT Encoding   

  12  0:00  Drone  
  13  0:13  Overlord  
  13  0:19  Drone  
  14  0:32  Drone x2  
  14  0:35  Drone  
  17  0:52  Hatchery  
  17  0:54  Drone  
  17  0:57  Drone  
  18  1:08  Extractor  
  17  1:12  Spawning Pool  
  17  1:15  Drone  
  17  1:18  Drone  
  18  1:28  Drone  
  19  1:43  Overlord  
  19  1:58  Queen  
  19  1:59  Zergling x2  
  22  2:04  Queen  
  22  2:05  Drone x2  
  26  2:11  Drone  
  27  2:21  Drone  
  28  2:33  Drone x2  
  28  2:35  Drone  
  28  2:36  Lair  
  31  2:40  Queen  
  33  2:46  Overlord  
  33  2:47  Drone x2  
  35  2:55  Roach Warren  
  35  2:57  Evolution Chamber  
  32  2:59  Drone x2  
  32  3:03  Evolution Chamber  
  33  3:07  Overlord  
  33  3:08  Drone  
  34  3:13  Drone x2  
  34  3:16  Drone  
  34  3:19  Drone  
  38  3:20  Drone  
  38  3:23  Drone  
  38  3:25  Zerg Missile Weapons Level 1  
  40  3:34  Glial Reconstitution  
  40  3:36  Drone x3  
  40  3:39  Extractor x2  
  43  3:41  Roach  
  43  3:48  Roach  
  45  3:56  Roach  
  45  3:58  Drone x3  
  45  4:00  Drone x2  
  52  4:07  Overlord  
  52  4:10  Overlord x2  
  52  4:28  Roach x2  
  52  4:29  Roach x4  
  64  4:32  Roach x3  
  64  4:34  Overlord  
  70  4:39  Roach  
  72  4:46  Roach x2  
  72  4:52  Overlord  
  76  4:53  Roach x2  
  76  4:57  Roach  
  76  4:58  Roach  
  84  5:11  Roach  
  84  5:12  Roach x2  
  90  5:17  Roach  
  90  5:21  Hatchery  
  85  5:39  Queen x2  
  85  5:42  Zerg Ground Armor Level 1  
  85  5:43  Overlord  
  77  6:02  Roach x8  
  77  6:03  Roach x2  
  87  6:15  Queen x2  
  75  6:34  Queen  
  75  6:46  Roach  
  89  6:47  Roach x8  
  89  6:51  Queen x2  
  89  6:54  Overlord x2  
  97  7:00  Spore Crawler  
  95  7:01  Spore Crawler  
  75  7:32  Roach x9  
  89  7:42  Queen  
  87  8:01  Roach  
  87  8:02  Roach x5  
Show
View Real Time Build Order
Export as new Build Order

YamatoSC Zerg 

Build Orders: Hatch First 

Get SALT Encoding   

  12  0:01  Drone  
  13  0:12  Overlord  
  13  0:17  Drone  
  14  0:30  Drone  
  14  0:31  Drone  
  16  0:35  Drone  
  17  0:51  Hatchery  
  17  0:54  Drone  
  17  0:58  Extractor  
  17  0:59  Drone  
  17  1:09  Drone  
  18  1:17  Spawning Pool  
  17  1:21  Drone  
  18  1:28  Drone  
  19  1:49  Drone  
  19  1:50  Drone  
  21  2:04  Queen x2  
  21  2:07  Zergling x4  
  27  2:14  Drone  
  27  2:15  Overlord  
  28  2:23  Extractor  
  28  2:25  Extractor, Drone x2  
  30  2:37  Drone x2  
  30  2:41  Lair  
  32  2:51  Drone x2  
  34  3:01  Extractor  
  34  3:05  Overlord x2  
  34  3:10  Extractor  
  34  3:11  Extractor  
  32  3:22  Overlord  
  32  3:24  Drone x5  
  32  3:25  Drone x3  
  40  3:28  Drone  
  41  3:44  Spire  
  41  3:48  Drone x5  
  43  3:49  Drone  
  43  3:55  Extractor  
  45  3:56  Metabolic Boost  
  45  3:59  Drone  
  46  4:05  Drone  
  46  4:06  Overlord  
  46  4:07  Drone x2  
  49  4:28  Overlord x2  
  49  4:45  Overlord  
  49  4:46  Overlord  
  49  4:55  Mutalisk x6  
  49  4:59  Mutalisk  
  63  5:12  Mutalisk  
  65  5:16  Hatchery  
  65  5:17  Zergling x12  
  41  5:43  Mutalisk x3  
  41  5:45  Drone x5  
  41  5:46  Drone  
  49  5:52  Drone  
  49  5:53  Drone  
  36  6:05  Drone x2  
  29  6:18  Drone x2  
  29  6:19  Drone x3  
  32  6:34  Drone  
  33  6:45  Drone  
  34  6:49  Drone  
  34  6:53  Drone  
  36  7:04  Drone  
  36  7:05  Drone  
  38  7:09  Drone x2  
  40  7:18  Drone x2  
  38  7:44  Zergling x10  
  36  8:00  Mutalisk  
Tags
 
Add a new tag
Caveats
  • Supply blocks, unpowered buildings, or Contaminate may cause inaccurate times.
  • Supply counts are checked every 10 seconds.